AoeStats
← arcolys

Arabia

507928399Analyzed
1v1 RM · 11d ago on Sep 20, 2026· 77m 52s· 2 players
Game mode
Random Map
Map size
Tiny (2 player)
Population
200
Speed
Normal
Resources
Standard
Victory
Conquest
Starting age
Dark Age
Ending age
Imperial Age
RankedLock teamsTeams togetherTeam positionsShared explorationLock speedFull tech treeHidden civsTurbo modeCheats
Victory
Defeat
🇪🇸 Teutons · Spain
538
+11
🇩🇪 Burmese · Germany
437
-11
arcolys
9:21 Feudal Age
13:05 Wheelbarrow
18:30 Horse Collar
23:39 Castle Age
22:24 Man-at-Arms
25:02 Forging
24:53 Scale Mail Armor
24:59 Scale Barding Armor
24:55 Padded Archer Armor
24:45 Fletching
25:08 Heavy Plow
25:28 Long Swordsman
26:09 Squires
27:28 Hand Cart
30:27 Gold Mining
30:28 Stone Mining
33:03 Husbandry
32:39 Elite Skirmisher
34:01 Iron Casting
33:41 Chain Mail Armor
33:47 Chain Barding Armor
35:36 Gold Shaft Mining
36:34 Pikeman
41:47 Imperial Age
42:07 Ballistics
41:58 Fortified Wall
41:44 Murder Holes
44:52 Cavalier
46:46 Elite Battle Elephant
46:52 Halberdier
49:08 Manipur Cavalry
49:12 Howdah
55:02 Blast Furnace
54:32 Plate Mail Armor
54:38 Plate Barding Armor
53:59 Bodkin Arrow
60:38 Chemistry
59:32 Guard Tower
59:56 Gambesons
59:37 Two-Handed Swordsman
66:51 Elite Arambai
TheViperGitano
0:30 Loom
16:00 Feudal Age
23:22 Castle Age
21:57 Double-Bit Axe
21:54 Horse Collar
22:07 Gold Mining
22:13 Stone Mining
26:11 Heavy Plow
26:31 Bow Saw
26:36 Bloodlines
31:21 Stone Shaft Mining
34:11 Wheelbarrow
36:54 Imperial Age
38:44 Two-Man Saw
38:19 Crop Rotation
38:21 Hand Cart
38:46 Forging
38:36 Scale Mail Armor
38:42 Scale Barding Armor
38:39 Padded Archer Armor
38:31 Fletching
41:10 Iron Casting
40:50 Chain Mail Armor
40:29 Elite Skirmisher
40:45 Elite Teutonic Knight
45:51 Ballistics
46:36 Chemistry
46:09 Plate Mail Armor
46:40 Blast Furnace
45:56 Leather Archer Armor
45:36 Bodkin Arrow
45:05 Pikeman
45:46 Squires
45:32 Gambesons
46:47 Chain Barding Armor
47:40 Fortified Wall
47:36 Siege Engineers
47:48 Fortified Wall
50:00 Halberdier
50:26 Arson
50:13 Halberdier
50:15 Man-at-Arms
67:47 Cavalier
69:02 Ring Archer Armor
69:07 Plate Barding Armor
Connection lost

Rejoining the realm…

Still unreachable

The connection could not be restored.

Session expired

The server has moved on; the page needs a fresh start.